 Dungeon Crawl Stone Soup version 0.31-a0-746-ge8284cb111 (webtiles) character file.

Game seed: 8815204174514412207

1108 yuribazuur the Poker (level 8, -3/62 (68) HPs)
             Began as a Black Draconian Fighter on Sept 14, 2023.
             Was an Initiate of Gozag.
             Slain by Maggie
             ... wielding a +2 glaive of draining
              (7 damage)
             ... on level 6 of the Dungeon.
             The game lasted 00:20:19 (5311 turns).

yuribazuur the Poker (Black Draconian Fighter)      Turns: 5311, Time: 00:20:19

HP:   -3/62 (68)    AC:  7    Str: 19    XL:     8   Next: 11%
MP:   9/9           EV: 12    Int:  9    God:    Gozag
Gold: 413           SH:  5    Dex: 12    Spells: 9/9 levels left

rFire   . . .        q - +8 trident of the Octopus King {venom, rElec rPois}
rCold   . . .        b - +0 buckler
rNeg    . . .        (body armour unavailable)
rPois   +            (helmet restricted)
rElec   +            (no cloak)
rCorr   .            g - +0 pair of gloves
SInv    .            (no boots)
Will    .....        (no amulet)
Stlth   ++           (no ring)
HPRegen 0.30/turn    (no ring)
MPRegen 0.11/turn

%: no passive effects
@: short of breath, mesmerised, drained
A: breathe lightning, AC +6, unfitting armour, electricity resistance,
cold-blooded
a: Breathe Lightning, Renounce Religion, Potion Petition, Call Merchant, Bribe
Branch


You were on level 6 of the Dungeon.
You worshipped Gozag.
Gozag was aware of your devotion.
You visited 1 branch of the dungeon, and saw 6 of its levels.

You collected 617 gold pieces.
You spent 144 gold pieces at shops.
You paid 60 gold pieces to Gozag.

Inventory:

Hand Weapons
 q - the +8 trident of the Octopus King (weapon) {venom, rElec rPois}
   (You found it on level 3 of the Dungeon)

   rElec:     It insulates you from electricity.
   rPois:     It protects you from poison
Missiles
 h - 8 poisoned darts
 x - 5 darts of dispersal
Armour
 b - a +0 buckler (worn)
 g - a +0 pair of gloves (worn)
Jewellery
 p - a ring of ice
Scrolls
 a - a scroll of poison {unknown}
 j - 3 scrolls of blinking
 k - 3 scrolls of teleportation
 m - a scroll of vulnerability {unknown}
 n - a scroll of revelation
 o - a scroll of acquirement {unknown}
 r - a scroll of amnesia
 t - 2 scrolls of fog
 u - a scroll of enchant armour {unknown}
 v - 2 scrolls of noise {unknown}
 y - a scroll of immolation {unknown}
Potions
 c - 2 potions of might
 d - 2 potions of heal wounds
 e - a potion of haste
 f - 3 potions of attraction
 i - 3 potions of curing
 l - a potion of mutation {unknown}
 s - a potion of degeneration {unknown}
 w - a potion of enlightenment {unknown}


   Skills:
 * Level 5.2 Fighting
 * Level 7.1 Polearms
 * Level 4.0 Dodging
 * Level 2.0 Stealth
 * Level 4.3 Shields
 * Level 1.3 Spellcasting


You had 9 spell levels left.
You didn't know any spells.
Your spell library contained the following spells:

 Spells                   Type           Power      Damage    Failure   Level
 Magic Dart               Conj           0%         1d3       41%         1
 Call Imp                 Summ           0%         N/A       56%         2
 Cigotuvi's Dreadful Rot  Necr/Pois/Air  0%         N/A       56%         2
 Ignite Poison            Fire/Tmut/Pois 0%         N/A       80%         3
 Mephitic Cloud           Conj/Pois/Air  0%         N/A       80%         3
 Freezing Cloud           Conj/Ice/Air   0%         6-21      100%        5


Dungeon Overview and Level Annotations

Branches:
Dungeon (6/15)             Temple (0/1) D:6

Altars:
Gozag
Kikubaaqudgha

Shops:
D:2 (!*=   D:5 [

Annotations:
D:4 3 runed translucent doors, AdnanSaban's ghost, amateur GrFi
D:6 Maggie


Innate Abilities, Weirdness & Mutations

You can breathe wild blasts of lightning.
Your glossy black scales are hard. (AC +6)
You cannot fit into any form of body armour.
You are resistant to electric shocks. (rElec)
You are cold-blooded and may be slowed by cold attacks.


Message History

You reach to attack!
You puncture Maggie!
Maggie is poisoned.
Maggie is moderately wounded.
You block Maggie's attack.
You reach to attack!
You closely miss Maggie.
Maggie is moderately wounded.
Maggie gestures wildly while chanting.
Maggie attempts to bespell you!
You are mesmerised by Maggie!
You reach to attack!
You impale Maggie!!
Maggie looks as sick as possible!
Maggie is severely wounded.
Maggie hits you from afar with a +2 glaive of draining!
You feel drained.
You reach to attack!
You hit Maggie.
Maggie looks as sick as possible!
Maggie is severely wounded.
You block Maggie's attack.
You reach to attack!
You hit Maggie.
Maggie looks as sick as possible!
Maggie is almost dead.
Maggie points at you and mumbles some strange words.
The bolt of fire hits you!!
* * * LOW HITPOINT WARNING * * *
You are too injured to fight recklessly!
You are too injured to fight recklessly!
You are too injured to fight recklessly!
You are too injured to fight recklessly!
Activating: Breathe Lightning (4% risk of failure)
Press: ? - help, Dir - look around, f - activate Look: Maggie, wielding a +2 glaive of draining and wearing +0 steam dragon scales (almost dead, mesmerising, extremely poisoned)
You breathe a wild blast of lightning!
The orb of electricity explodes!
The bolt of lightning misses Maggie.
You hear a shout! x2
Maggie closely misses you.
You feel much better.
Maggie hits you from afar with a +2 glaive of draining!
You feel drained.
You are too injured to fight recklessly!
Maggie hits you with a +2 glaive of draining!
* * * LOW HITPOINT WARNING * * *
You feel drained.
You die...
Your body crumbles into a pile of gold.

#............#
#............
#..........# ##
###...######## .
#..........####
##...######.....
######....# ####..
#......#### ###..
#...@..# #...#
#..@...# #.###
#......# ##.#
#.......## ###..#
#..........###.[.##
#......#.#.....###
#......#.#......>####
#####.##.#..####.....
#.##.#.# ######..


You could see Maggie (mesmerising, extremely poisoned).

Vanquished Creatures
  A black bear (D:4)
  2 sky beasts (D:6)
  2 phantoms (D:5)
  A bullfrog (D:6)
  2 scorpions
  3 hounds
  A jelly (D:6)
  An orc priest (D:6)
  2 orc wizards (D:6)
  2 iguanas
  Robin (D:3)
  4 gnolls
  9 adders
  2 worms (D:2)
  2 dart slugs
  6 orcs
  8 ball pythons
  6 endoplasms
  5 giant cockroaches
  16 goblins
  6 hobgoblins
  4 jackals (D:2)
  5 quokkas
  6 bats
  5 frilled lizards
  8 kobolds
  9 rats
119 creatures vanquished.

Notes
Turn   | Place    | Note
-------+----------+-------------------------------------------
     0 | D:1      | yuribazuur the Draconian Fighter began the quest for the
                  | Orb.
     0 | D:1      | Reached XP level 1. HP: 19/19 MP: 1/1
    84 | D:1      | Reached XP level 2. HP: 26/26 MP: 2/2
   244 | D:1      | Reached XP level 3. HP: 14/33 MP: 3/3
   634 | D:2      | Found Dupaes's Distillery.
   639 | D:2      | Bought a potion of heal wounds for 55 gold pieces
   656 | D:2      | Found a faded altar of an unknown god.
   953 | D:2      | Found Toirun's Jewellery Shop.
  1006 | D:2      | Reached skill level 3 in Polearms
  1196 | D:2      | Found Ystait's Assorted Antiques.
  1202 | D:2      | Bought a scroll labelled AFFY ELAOROCIC for 28 gold pieces
  1375 | D:2      | Found Pezy's Weapon Shop.
  1427 | D:2      | Bought a scroll labelled ROGOPO ZUNEHO for 28 gold pieces
  1585 | D:2      | Reached XP level 4. HP: 40/40 MP: 4/4
  1712 | D:3      | Noticed Robin
  1856 | D:2      | Bought a potion of curing for 33 gold pieces
  1909 | D:3      | Identified the +1 mace of Xom's Anger {freeze, Fly Int+3
                  | Dex-5}
  2282 | D:3      | Found the +8 trident of the Octopus King {venom, rElec
                  | rPois}
  2390 | D:3      | Reached skill level 4 in Polearms
  2390 | D:3      | Reached XP level 5. HP: 32/46 MP: 5/5
  2394 | D:3      | Killed Robin
  2622 | D:3      | Found an opulent altar of Gozag.
  2706 | D:3      | Found an ancient bone altar of Kikubaaqudgha.
  2804 | D:3      | Became a worshipper of Gozag Ym Sagoz the Greedy
  3131 | D:4      | Reached XP level 6. HP: 48/53 MP: 6/6
  3430 | D:4      | Found a runed translucent gate.
  3430 | D:4      | Found a runed translucent gate.
  3430 | D:4      | Found a runed translucent gate.
  3434 | D:4      | Noticed AdnanSaban's ghost (amateur GrFi)
  3489 | D:4      | Reached skill level 5 in Polearms
  3838 | D:5      | Entered Level 5 of the Dungeon
  4034 | D:5      | Reached skill level 1 in Stealth
  4081 | D:5      | Your scales start taking on a glossy black colour.
  4081 | D:5      | Reached XP level 7. HP: 58/60 MP: 7/7
  4081 | D:5      | Gained mutation: You are resistant to electric shocks.
                  | (rElec) [Black Draconian growth]
  4106 | D:5      | Found Coigock's Antique Armour Boutique.
  4349 | D:5      | Reached skill level 6 in Polearms
  4957 | D:6      | Found a staircase to the Ecumenical Temple.
  4990 | D:6      | Reached skill level 5 in Fighting
  5068 | D:6      | Reached skill level 1 in Spellcasting
  5162 | D:6      | Reached skill level 7 in Polearms
  5162 | D:6      | Reached XP level 8. HP: 68/68 MP: 9/9
  5300 | D:6      | Noticed Maggie
  5311 | D:6      | Slain by Maggie

Illustrated notes

Levels and vault maps discovered:
D:1:      zaba_arrival_water, layout_rooms
D:2:      layout_loops_ring, serial_shops, nicolae_shop_stone,
          nicolae_shop_crystal, shop, nicolae_shop_bloodbath_and_beyond,
          ebering_ecumenical_altar_ruins
D:3:      layout_basic, nicolae_gozag_seed_capital,
          mainiacjoe_overflow_alcove_1, glass_columns_b, uniq_robin
D:4:      layout_basic, gammafunk_ghost_nasty_kobolds
D:5:      layout_layer_cave, serial_shops, shop, minivault_4,
          minmay_misc_feat_diagonals
D:6:      layout_rooms, minmay_temple_entry_mini_moons, hex_medium, uniq_maggie

Skill      XL: |  1  2  3  4  5  6  7  8 |
---------------+-------------------------+-----
Dodging        | 3 4 |  4.0
Polearms       | 3 4 5 7 |  7.1
Fighting       | 4 5 |  5.2
Stealth        | 1 2 |  2.0
Shields        | 4 |  4.3
Spellcasting   | 1 |  1.3

Action                     |  1- 3 |  4- 6 |  7- 9 || total
---------------------------+-------+-------+-------++-------
  Melee: Trident           |   155 |   127 |    56 ||   338
         Tailslap          |    15 |     5 |     7 ||    27
Ability: Breathe Lightning |       |       |     1 ||     1
    Use: Scroll            |     1 |     6 |       ||     7
         Potion            |       |       |     1 ||     1
   Stab: Sleeping          |     3 |       |     1 ||     4
         Distracted        |       |     1 |       ||     1
 Armour: Skin              |    54 |    49 |    22 ||   125
  Dodge: Dodged            |    55 |    42 |    25 ||   122
  Block: Buckler           |    25 |    15 |     9 ||    49

Table legend: (Time is in decaauts)
 A = Elapsed time spent in this place.
 B = Non-inter-level travel time spent in this place.
 C = Inter-level travel time spent in this place.
 D = Time resting spent in this place.
 E = Time spent auto-exploring this place.
 F = Levels seen in this place.
 G = Mean time per level.
                   A        B        C        D        E       F      G
               +--------+--------+--------+--------+--------+-----+--------+
         Total |   5368 |   4757 |    611 |      2 |   3852 |   6 |  894.7 |
       Dungeon |   5368 |   4757 |    611 |      2 |   3852 |   6 |  894.7 |
               +--------+--------+--------+--------+--------+-----+--------+

Top non-repeatable levels by time:
     D:2: 1239 daAuts
     D:4: 1087 daAuts
     D:3: 1010 daAuts
     D:5: 1006 daAuts
     D:1: 658 daAuts
     D:6: 366 daAuts
